 Dungeon Crawl Stone Soup version 0.19-a0-1767-gb375097 (webtiles) character file.

5392 Psiweapon the Protected (level 10, 0/82 HPs)
             Began as a Hill Orc Fighter on Oct 2, 2016.
             Was a Follower of Makhleb.
             Slain by an orc warrior
             ... wielding a +0 dire flail
              (21 damage)
             ... on level 10 of the Dungeon.
             The game lasted 00:28:08 (8415 turns).

Psiweapon the Protected (Hill Orc Fighter)          Turns: 8415, Time: 00:28:09

Health: 0/82       AC:  8    Str: 26    XL:     10   Next: 66%
Magic:  17/17      EV:  8    Int: 11    God:    Makhleb [*.....]
Gold:   337        SH: 10    Dex: 19    Spells: 0 memorised, 9 levels left

rFire  . . .     SeeInvis .     R - +10 whip "Jalafent" {slash, Int+3}
rCold  + . .     Gourm    +     Z - +0 ring mail of Keitur {*Contam +Inv rC+ Dex+4} (curse)
rNeg   . . .     Faith    .     c - +0 shield
rPois  .         Spirit   .     (no helmet)
rElec  .         Dismiss  .     (no cloak)
rCorr  .         Reflect  .     (no gloves)
MR     .....     Harm     .     y - +0 pair of boots
Stlth  +.........               B - amulet of the gourmand
                                G - +3 ring of strength
                                O - ring of Incredulity {+Inv Dex+5}

@: no status effects
A: no striking features
a: Renounce Religion, Evoke Invisibility


You were on level 10 of the Dungeon.
You worshipped Makhleb.
Makhleb was aware of your devotion.
You were completely stuffed.

You visited 2 branches of the dungeon, and saw 11 of its levels.
You also visited: Ossuary.

You collected 337 gold pieces.

Inventory:

Hand Weapons
 a - a +1 war axe
 b - a +0 hunting sling
 K - a +1 dire flail of crushing
 Q - a +2 rapier of holy wrath
 R - the +10 whip "Jalafent" (weapon) {slash, Int+3}
   (You found it on level 7 of the Dungeon)

   It inflicts extra damage upon your enemies.
   It affects your intelligence (+3).
 Y - a +0 flail of protection
Missiles
 h - 346 stones
 n - 24 tomahawks (quivered)
 o - 76 bolts
 p - 36 poisoned needles
 u - 37 sling bullets
Armour
 c - a +0 shield (worn)
 y - a +0 pair of boots (worn)
 L - a +1 scale mail of fire resistance
 X - a troll hide
 Z - the cursed +0 ring mail of Keitur (worn) {*Contam +Inv rC+ Dex+4}
   (You found it on level 8 of the Dungeon)

   It affects your dexterity (+4).
   It protects you from cold.
   It lets you turn invisible.
   It causes magical contamination when unequipped.
   It has a curse placed upon it.
Jewellery
 g - an uncursed ring of stealth
 x - an uncursed ring of fire
 B - an amulet of the gourmand (around neck)
 E - an uncursed ring of poison resistance
 G - a +3 ring of strength (right hand)
 O - the ring of Incredulity (left hand) {+Inv Dex+5}
   (You found it on level 4 of the Dungeon)

   [ring of dexterity]

   It affects your dexterity (+5).
   It lets you turn invisible.
 U - an uncursed ring of positive energy
Scrolls
 d - 2 scrolls of remove curse
 e - a scroll of recharging
 j - a scroll of noise
 k - 3 scrolls of amnesia
 v - a scroll of identify
 z - 4 scrolls of fog
 I - 3 scrolls of teleportation
 J - 4 scrolls of enchant weapon
 M - 2 scrolls of magic mapping
 P - 2 scrolls of enchant armour
 S - a scroll of immolation {unknown}
Potions
 i - 4 potions of curing
 l - 2 potions of agility {unknown}
 r - 2 potions of heal wounds
 t - a potion of cure mutation {unknown}
 w - 2 potions of flight {unknown}
 C - a potion of resistance {unknown}
 D - 2 potions of ambrosia {unknown}
 F - 2 potions of cancellation {unknown}
 H - 2 potions of degeneration {unknown}
 N - a potion of invisibility {unknown}
 T - 2 potions of berserk rage {unknown}
 W - 2 potions of might
Comestibles
 f - 7 bread rations
 m - 2 beef jerkies
 q - 7 fruits
 s - 4 meat rations
 A - 2 slices of pizza
 V - 5 chunks of flesh


   Skills:
 - Level 5.6 Fighting
 - Level 10.0(11.1) Axes
 + Level 6.5(8.5) Maces & Flails
 - Level 10.1 Armour
 - Level 3.2 Shields
 - Level 10.1 Invocations


You had 9 spell levels left.
You didn't know any spells.

Dungeon Overview and Level Annotations

Branches:
Dungeon (10/15)            Temple (1/1) D:6
   Lair: D:8-11         Orc: D:9-12

Altars:
Ashenzari
Cheibriados
Dithmenos
Elyvilon
Fedhas
Hepliaklqana
Kikubaaqudgha
Makhleb
Nemelex Xobeh
Okawaru
Qazlal
Ru
Sif Muna
Trog
Uskayaw
Vehumet
Xom
Yredelemnul
Zin
The Shining One


Message History

The orc wizard hits you with a vampiric dagger.
The orc hits you.
* * * LOW HITPOINT WARNING * * *
The warg barely misses you.
You miss the warg.
The warg is severely wounded.
The orc warrior hits you with a dire flail.
* * * LOW HITPOINT WARNING * * *
You block the hound's attack. You block the warg's attack.
You block the orc wizard's attack. The orc hits you but does no damage.
Unknown command.
You completely miss the orc warrior. The hound closely misses you.
You block the orc warrior's attack. You block the warg's attack.
You block the hound's attack.
You hit the orc warrior.
The orc warrior is lightly wounded.
The orc barely misses you. You block the orc wizard's attack.
The warg bites you but does no damage. The hound bites you but does no damage.
The orc warrior hits you with a dire flail!!
You die...

#+ #. #.## . #.รท# ..
## ##.# ... .# #<#
#... ####.## ####.##
#...###...%.# ......#
#.#.{h@o..(#
......#####...oooh...#
..........###...Z....#
......###.).#........#
......# ###.#........#
......# #..........#
####### ###.......<#
#..>.......#
#.......>###


You could see a warg, an orc warrior, a hound, an orc wizard, 2 orcs and a
bullfrog skeleton.

Vanquished Creatures
  Erica (D:8)
  A hill giant (D:9)
  A troll (D:10)
  A two-headed ogre (D:8)
  Prince Ribbit (D:7)
  2 hippogriffs
  Menkaure (D:5)
  A warg (D:10)
  Edmund (D:4)
  Duvessa (D:5)
  An ice beast (D:7)
  An orc warrior (D:7)
  A sky beast (D:8)
  4 ogres
  2 phantoms
  A centaur (D:6)
  A big kobold (D:7)
  4 bullfrogs
  Dowan (D:5)
  5 scorpions (Ossuary)
  3 wights
  4 howler monkeys
  A crimson imp (D:9)
  3 centaur zombies (Ossuary)
  5 hounds
  3 human zombies (Ossuary)
  A centaur skeleton (D:9)
  4 orc priests
  A jelly (D:7)
  An iron imp (D:7)
  3 orc wizards
  3 worker ants
  A big kobold zombie (Ossuary)
  3 hound skeletons
  3 mummies (Ossuary)
  6 gnolls
  A howler monkey skeleton (D:7)
  3 scorpion zombies (Ossuary)
  6 adders
  A shadow imp (D:8)
  An ooze (D:2)
  An adder skeleton (D:5)
  An adder zombie (D:8)
  2 dart slugs
  5 leopard geckos
  30 orcs
  5 giant cockroaches
  3 gnoll zombies (Ossuary)
  7 hobgoblins
  9 jackals
  7 kobolds
  7 quokkas
  2 ball pythons
  7 bats
  7 frilled lizards
  7 goblins
  A jackal skeleton (D:4)
  3 kobold zombies (Ossuary)
  An orc zombie (Ossuary)
  4 rats
198 creatures vanquished.

Vanquished Creatures (others)
  A kobold zombie (Ossuary)
1 creature vanquished.

Grand Total: 199 creatures vanquished

Notes
Turn   | Place    | Note
-------+----------+-------------------------------------------
     0 | D:1      | Psiweapon the Hill Orc Fighter began the quest for the Orb.
     0 | D:1      | Reached XP level 1. HP: 19/19 MP: 1/1
   102 | D:2      | Reached XP level 2. HP: 20/26 MP: 2/2
   517 | D:2      | Reached XP level 3. HP: 31/31 MP: 3/3
   766 | D:1      | Reached skill level 5 in Axes
  1336 | D:3      | Reached XP level 4. HP: 39/39 MP: 4/4
  1605 | D:2      | Reached XP level 5. HP: 45/45 MP: 5/5
  1987 | D:4      | Noticed an ogre
  1996 | D:4      | Killed an ogre
  2451 | D:5      | Entered Level 5 of the Dungeon
  2479 | D:5      | Reached XP level 6. HP: 51/51 MP: 6/6
  2566 | D:6      | Found a sand-covered staircase.
  2572 | Ossuary  | Entered an ossuary
  2718 | Ossuary  | Reached XP level 7. HP: 16/57 MP: 7/7
  2969 | Ossuary  | Reached skill level 10 in Axes
  3209 | Ossuary  | Reached skill level 5 in Armour
  3375 | D:4      | Noticed Edmund
  3446 | D:4      | Killed Edmund
  3446 | D:4      | Reached XP level 8. HP: 19/64 MP: 8/8
  3813 | D:4      | Got a clouded lapis lazuli ring
  3814 | D:4      | Identified the ring of Incredulity {+Inv Dex+5} (You found it on level 4 of the Dungeon)
  4264 | D:6      | Found a deep blue altar of Sif Muna.
  4507 | D:7      | Got a pitted whip
  4508 | D:7      | Identified the +10 whip "Jalafent" {slash, Int+3} (You found it on level 7 of the Dungeon)
  4861 | D:5      | Noticed Duvessa
  4872 | D:5      | Killed Duvessa
  4874 | D:5      | Noticed Dowan
  4878 | D:5      | Killed Dowan
  4878 | D:5      | Reached XP level 9. HP: 50/70 MP: 9/9
  5036 | D:5      | Noticed Menkaure
  5043 | D:5      | Killed Menkaure
  5043 | D:5      | Reached skill level 10 in Armour
  5364 | D:5      | Found a sparkling altar of Nemelex Xobeh.
  5557 | D:6      | Found a shattered altar of Ashenzari.
  5732 | D:6      | Reached skill level 5 in Fighting
  5914 | D:6      | Found a deep blue altar of Sif Muna.
  5951 | D:6      | Found a staircase to the Ecumenical Temple.
  5960 | Temple   | Entered the Ecumenical Temple
  6090 | Temple   | Became a worshipper of Makhleb the Destroyer
  6198 | D:7      | Found a snail-covered altar of Cheibriados.
  6232 | D:8      | Noticed a two-headed ogre
  6237 | D:8      | Killed a two-headed ogre
  6461 | D:7      | Found a burning altar of Makhleb.
  6461 | D:7      | Noticed a blizzard demon
  6592 | D:8      | Found a radiant altar of Vehumet.
  6596 | D:8      | Reached skill level 5 in Invocations
  6816 | D:7      | Noticed Prince Ribbit
  6822 | D:7      | Killed Prince Ribbit
  7002 | D:7      | Reached XP level 10. HP: 51/82 MP: 14/16
  7427 | D:8      | Reached * piety under Makhleb
  7476 | D:10     | Entered Level 10 of the Dungeon
  7635 | D:8      | Reached skill level 10 in Invocations
  7705 | D:8      | Got a steaming ring mail
  7716 | D:8      | Identified the cursed +0 ring mail of Keitur {*Contam +Inv rC+ Dex+4} (You found it on level 8 of the Dungeon)
  7846 | D:8      | Noticed Erica
  7846 | D:8      | Reached skill level 1 in Maces & Flails
  7857 | D:8      | Killed Erica
  8138 | D:9      | Reached skill level 5 in Maces & Flails
  8234 | D:9      | Noticed a hill giant
  8245 | D:9      | Killed a hill giant
  8415 | D:10     | Slain by an orc warrior

Vault maps used:
D:1:      lightli_arrival_maybe_door_vault
D:3:      corexii_shack_village
D:4:      cheibrodos_quashed, uniq_edmund
D:5:      first_bread, nemelex_xobeh_ov_fountains_minmay, uniq_duvessa,
          uniq_menkaure
D:6:      nicolae_ashenzari_panopticon, lemuel_round_altar,
          nicolae_ossuary_entry_plus, lemuel_blue_sif_altar
D:7:      slow_altar_1, makhleb_altar_promises_db, uniq_prince_ribbit1
D:8:      vehumet_crystals, uniq_erica
D:9:      kennysheep_mini
D:10:     erik_lair_orcish_takeover, orc_0_dummy
Temple:   eino_temple_rhombus
Ossuary:  ossuary_minmay_scorpions

Skill      XL: |  1  2  3  4  5  6  7  8  9 10 |
---------------+-------------------------------+-----
Axes           | 3 4 5 6 8 9 10 | 10.0
Armour         | 6 9 10 | 10.1
Fighting       | 5 |  5.6
Invocations    | 8 10 | 10.1
Maces & Flails | 6 |  6.5
Shields        | |  3.2

Action                   |  1- 3 |  4- 6 |  7- 9 | 10-12 || total
-------------------------+-------+-------+-------+-------++-------
Melee: War axe           |   111 |    93 |   188 |       ||   392
       Whip              |       |       |   119 |   108 ||   227
       Rapier            |       |       |     2 |       ||     2
 Fire: Hunting sling     |     6 |    17 |     3 |       ||    26
Throw: Tomahawk          |       |       |    14 |    15 ||    29
  Use: Scroll            |       |     8 |     9 |       ||    17
       Potion            |       |       |     4 |     1 ||     5
  Eat: Chunk             |     1 |    16 |    14 |     4 ||    35
Armor: Scale mail        |    45 |       |    90 |    12 ||   147
       Chain mail        |     2 |    27 |    41 |       ||    70
       Ring mail         |       |       |       |    23 ||    23
Dodge: Dodged            |    34 |    19 |    74 |    19 ||   146
Block: Shield            |    61 |    39 |   153 |    64 ||   317
